 Dungeon Crawl Stone Soup version 0.27-a0-364-g31b3477d74 (webtiles) character file.

Game seed: 1657849548038471415

652 tilp the Insei (level 7, -8/49 HPs)
             Began as an Octopode Transmuter on Feb 16, 2021.
             Mangled by a centaur (10 damage)
             ... on level 5 of the Dungeon.
             The game lasted 00:08:20 (7054 turns).

tilp the Insei (Octopode Transmuter)                Turns: 7054, Time: 00:08:22

Health: -8/49      AC:  1    Str: 10    XL:     7   Next: 54%
Magic:  9/10       EV: 13    Int: 17    God:
Gold:   123        SH:  0    Dex: 12    Spells: 7/10 levels left

rFire    . . .     SeeInvis .     - Unarmed
rCold    . . .     Faith    .   (no shield)
rNeg     . . .     Spirit   .   (helmet currently unavailable)
rPois    .         Reflect  .   (no amulet)
rElec    .         Harm     .   (no ring)
rCorr    .         Rampage  .   (no ring)
Will     .....                  (no ring)
Stlth    +++.......             (no ring)
HPRegen  0.16/turn              (no ring)
MPRegen  0.12/turn              (no ring)
                                (no ring)
                                (no ring)

@: appendages
A: almost no armour, stealthy swim, amphibious, 8 rings, constrict 8, tentacle
spike 3, camouflage 1, gelatinous body 1
a: End Transformation


You were on level 5 of the Dungeon.
One of your tentacles had a temporary spike.
You visited 1 branch of the dungeon, and saw 5 of its levels.

You collected 123 gold pieces.

Inventory:

Missiles
 j - 15 poisoned darts (quivered)
 l - 3 boomerangs
Wands
 m - a wand of iceblast (8)
Scrolls
 b - a scroll of random uselessness {unknown}
 c - a scroll of blinking {unknown}
 h - a scroll of enchant armour {unknown}
 k - a scroll of fear {unknown}
Potions
 a - a potion of mutation
 d - a potion of lignification
 e - a potion of invisibility
 f - a potion of berserk rage
 g - a potion of heal wounds {unknown}
 i - a potion of curing
 n - a potion of cancellation {unknown}
 o - a potion of brilliance {unknown}


   Skills:
 + Level 4.4 Fighting
 + Level 2.7 Dodging
 - Level 4.0 Stealth
 + Level 6.3 Unarmed Combat
 - Level 2.0 Spellcasting
 - Level 2.0 Transmutations


You had 7 spell levels left.
You knew the following spells:

 Your Spells              Type           Power        Failure   Level
a - Beastly Appendage     Tmut           16%          9%          1
b - Wereblood             Tmut           8%           13%         2

Your spell library contained the following spells:

 Spells                   Type           Power        Failure   Level
 Spider Form              Tmut/Pois      2%           36%         3
 Ice Form                 Ice/Tmut       5%           77%         4
 Blade Hands              Tmut           4%           93%         5


Dungeon Overview and Level Annotations

Branches:
Dungeon (5/15)
 Temple: D:4-7

Altars:
Ashenzari
Nemelex Xobeh
Trog

Annotations:
D:3 fire/apport vault


Innate Abilities, Weirdness & Mutations

You cannot wear most types of armour.
You are very stealthy in the water. (Stealth+)
You are amphibious.
You can wear up to eight rings at the same time.
You can use your tentacles to constrict eight enemies at once.
Your skin changes colour to match your surroundings (Stealth+).
Your rubbery body absorbs attacks. (AC +1, EV +1)
One of your tentacles bears a large vicious spike.


Message History

You tentacle-slap the jackal zombie. You grab the jackal zombie.
You pierce the jackal zombie.
You destroy the jackal zombie!
No target in view!
Your transformation is almost over.
Magic restored.
Your tentacle spike disappears.
Found a stone staircase leading down.
Found an escape hatch in the floor.
You now have 123 gold pieces (gained 13).
Found 18 bolts.
m - a wand of iceblast (8)
A hound and a centaur come into view.
The hound barks!
You hear a loud, deep croak!
The centaur wields a +0 shortbow.
The centaur shoots an arrow.
The arrow barely misses you.
Found a cloak.
Unknown command.
The centaur shoots an arrow.
The arrow hits you!
The centaur shoots an arrow.
The arrow completely misses you.
Casting: Beastly Appendage (safe; 9% risk of failure)
Confirm with . or Enter, or press ? or * to list all spells.
One of your tentacles grows a vicious spike.
You start resting.
The centaur shoots an arrow.
The arrow hits you!
Throw: 16 darts (poison)
Press: ? - help, Q - select action, (/) - cycle Shift-Dir - straight line, f - centaur
Aim: a centaur, wielding a +0 shortbow and quivering arrows (70% to hit)
You throw a poisoned dart. The poisoned dart hits the centaur.
The centaur is poisoned.
The centaur shoots an arrow.
The arrow hits you!
* * * LOW HITPOINT WARNING * * *
The centaur unwields a +0 shortbow.
The centaur hits you.
* * * LOW HITPOINT WARNING * * *
You tentacle-slap the centaur.
You pierce the centaur, but do no damage.
The centaur is heavily wounded.
The centaur hits you!
* * * LOW HITPOINT WARNING * * *
The centaur hits you!
You die...

######### ##...#...##
##.........##
#.......>....
#............ #..#######
#............ #.....@.#
#.........#.
#######c#####..........
###...(.h...............
#..........#..........#.
#.#....######.###.###.#.
#.....## #.# #.# #.#.
#...c.# #.# #.# #..#
#.....# #.. .....#..
......#.# #.. .....###


You could see a centaur (poisoned) and a hound.

Vanquished Creatures
  A centaur (D:4)
  3 orc priests (D:3)
  A jelly (D:5)
  A gnoll shaman (D:4)
  A bullfrog skeleton (D:4)
  An iguana (D:4)
  Natasha (thrice) (D:3)
  3 worker ants (D:4)
  7 gnolls
  5 adders
  An ooze (D:3)
  An adder skeleton (D:5)
  3 worms
  2 dart slugs
  5 leopard geckos
  13 orcs (D:3)
  2 ball pythons
  3 bats
  2 giant cockroaches
  8 hobgoblins
  5 jackals (D:3)
  2 frilled lizards
  10 goblins
  A jackal zombie (D:5)
  4 kobolds
  13 rats
101 creatures vanquished.

Notes
Turn   | Place    | Note
-------+----------+-------------------------------------------
     0 | D:1      | tilp the Octopode Transmuter began the quest for the Orb.
     0 | D:1      | Reached XP level 1. HP: 13/13 MP: 3/3
    59 | D:1      | Reached skill level 1 in Stealth
   307 | D:1      | Reached XP level 2. HP: 18/18 MP: 5/5
   310 | D:1      | Learned a level 2 spell: Wereblood
  1004 | D:2      | Reached XP level 3. HP: 23/23 MP: 6/6
  1019 | D:2      | Found a faded altar of an unknown god.
  2264 | D:3      | Reached XP level 4. HP: 20/29 MP: 4/7
  2946 | D:3      | Noticed Natasha
  3158 | D:3      | Killed Natasha
  3159 | D:3      | Reached XP level 5. HP: 35/35 MP: 6/8
  3194 | D:3      | Noticed Natasha
  3202 | D:3      | Killed Natasha
  3203 | D:3      | Reached skill level 4 in Unarmed Combat
  4214 | D:3      | Noticed Natasha
  4220 | D:3      | Killed Natasha
  4221 | D:3      | Reached XP level 6. HP: 14/42 MP: 7/9
  5297 | D:4      | Reached skill level 5 in Unarmed Combat
  5781 | D:4      | Found a sparkling altar of Nemelex Xobeh.
  5842 | D:4      | Reached XP level 7. HP: 43/48 MP: 8/10
  5896 | D:4      | Found a broken altar of Ashenzari.
  5938 | D:4      | Reached skill level 6 in Unarmed Combat
  6232 | D:4      | Noticed a moth of wrath
  6817 | D:4      | Found a bloodstained altar of Trog.
  6918 | D:5      | Entered Level 5 of the Dungeon
  7054 | D:5      | HP: 2/49 [centaur (9)]
  7054 | D:5      | Mangled by a centaur

Illustrated notes

Levels and vault maps discovered:
D:1:      psy_arrival_dodecagon, layout_rooms
D:2:      layout_basic, chequers_ecumenical_altar_simple
D:3:      layout_basic, lemuel_flame_loot_1, uniq_natasha
D:4:      layout_cave_pools, kennysheep_little_box, tgw_trog,
          kennysheep_mini_moat
D:5:      cheibrodos_fzero, layout_rooms, nicolae_ru_sacrificial_ziggurat,
          temple_statues

Skill      XL: |  1  2  3  4  5  6  7 |
---------------+----------------------+-----
Stealth        | 2 3 4 |  4.0
Fighting       | 2 3 4 |  4.4
Unarmed Combat | 4 5 6 |  6.3
Dodging        | |  2.7
Spellcasting   | |  2.0
Transmutations | |  2.0

Action                   |  1- 3 |  4- 6 |  7- 9 || total
-------------------------+-------+-------+-------++-------
Melee: Unarmed           |    85 |   144 |    51 ||   280
       Constrict         |    23 |    35 |    12 ||    70
       Tentacles         |    12 |    22 |     7 ||    41
       Punch             |     1 |     4 |     1 ||     6
       Kick              |     4 |    31 |    13 ||    48
Throw: Stone             |     3 |       |       ||     3
       Dart              |       |    46 |    17 ||    63
 Cast: Beastly Appendage |     3 |    21 |    11 ||    35
       Wereblood         |     1 |     2 |     2 ||     5
  Use: Potion            |       |     2 |       ||     2
       Scroll            |       |       |     3 ||     3
 Stab: Sleeping          |     7 |     3 |     3 ||    13
       Distracted        |     1 |       |       ||     1
Armor: Skin              |     6 |     6 |     2 ||    14
Dodge: Dodged            |    38 |    75 |    31 ||   144

Table legend: (Time is in decaauts)
 A = Elapsed time spent in this place.
 B = Non-inter-level travel time spent in this place.
 C = Inter-level travel time spent in this place.
 D = Time resting spent in this place.
 E = Time spent auto-exploring this place.
 F = Levels seen in this place.
 G = Mean time per level.
                   A        B        C        D        E       F      G
               +--------+--------+--------+--------+--------+-----+--------+
         Total |   7034 |   6898 |    136 |   2373 |   3520 |   5 | 1406.8 |
       Dungeon |   7034 |   6898 |    136 |   2373 |   3520 |   5 | 1406.8 |
               +--------+--------+--------+--------+--------+-----+--------+

Top non-repeatable levels by time:
     D:3: 3911 daAuts
     D:2: 1285 daAuts
     D:4: 1001 daAuts
     D:1: 700 daAuts
     D:5: 134 daAuts
